Cogmind - Beta 14 @@@ ROGUE MODE // 2025.03.27 @ 23:52:40 Player: Juan Result: Self-destructed Performance ------------- Evolutions (2) 1000 Regions Visited (4) 800 Robots Destroyed (25) 125 Value Destroyed (706) 706 Prototype IDs (3) 60 Alien Tech Used (0) 0 Bonus (0) 0 TOTAL SCORE: 2691 Bonus ------- None Cogmind --------- Core Integrity 281/550 Matter 252/300 Energy 27/100 System Corruption 2% Temperature Cool (0) Movement Rolling (90) Location -8/Materials Parts ------- > --- POWER (1) -------- (None) > --- PROPULSION (4) --- Armored Wheel > --- UTILITY (3) ------ Small Storage Unit Advanced Weight Redist. System > --- WEAPON (3) ------- Enhanced Autogun > --- INVENTORY (8) ---- Light Ion Engine Heat Sink Advanced Weight Redist. System Small Laser Light Assault Rifle Peak State ------------ > --- POWER ------------ Light Ion Engine > --- PROPULSION ------- Improved Hover Unit Airjet Airjet Airjet > --- UTILITY ---------- Heat Sink Small Storage Unit Advanced Weight Redist. System > --- WEAPON ----------- Small Laser Small Laser Beam Rifle > --- INVENTORY -------- Light Ion Engine Improved Hover Unit Heat Sink Advanced Weight Redist. System Light Assault Rifle Grenade Launcher [Rating: 21] Favorites ----------- Power Light Ion Engine Engine Light Ion Engine Power Core Light Nuclear Core Propulsion Airjet Leg Aluminum Leg Wheel Armored Wheel Hover Unit Airjet Utility Small Storage Unit Device Heat Sink Storage Small Storage Unit Processor Targeting Computer Hackware Hacking Suite Weapon Small Laser Energy Gun Small Laser Ballistic Gun Assault Rifle Launcher Grenade Launcher Build | -11 -10 -9 -9 -8 ------- Run | Yrd Mat Mat Min Mat Slots Evolved 4 | . . 2 . 2 Power . | . . . . . Propulsion 2 | . . 1 . 1 Utility 1 | . . . . 1 Weapon 1 | . . 1 . . Parts Attached 43 | 6 9 16 3 9 Power 6 | 1 . 2 1 2 Engine 5 | 1 . 2 1 1 Core 1 | . . . . 1 Reactor . | . . . . . Propulsion 12 | 2 2 5 . 3 Treads . | . . . . . Leg 5 | 2 2 1 . . Wheel 1 | . . . . 1 Hover 6 | . . 4 . 2 Flight . | . . . . . Utility 6 | 1 1 2 . 2 Device 2 | . . 1 . 1 Storage 1 | 1 . . . . Processor 2 | . 1 1 . . Hackware 1 | . . . . 1 Protection . | . . . . . Artifact . | . . . . . Weapon 19 | 2 6 7 2 2 Energy Gun 8 | 1 1 5 1 . Energy Cannon . | . . . . . Ballistic Gun 7 | 1 4 1 . 1 Ballistic Cannon . | . . . . . Launcher 4 | . 1 1 1 1 Special Weapon . | . . . . . Impact Weapon . | . . . . . Slashing Weapon . | . . . . . Piercing Weapon . | . . . . . Special Melee Weapon . | . . . . . Unidentified Prototypes 1 | . . . . 1 Parts Lost 21 | . 3 6 . 12 Power 4 | . . 2 . 2 Propulsion 8 | . 2 1 . 5 Utility 3 | . 1 . . 2 Weapon 6 | . . 3 . 3 Highest Loss Streak 8 | . 2 5 . 8 To Critical Strikes . | . . . . . Average Slot Usage (%) 86 | . 89 90 100 77 Engine 10 | . 14 10 11 6 Leg 11 | . 28 1 . . Hover 16 | . . 26 33 26 Device 5 | . . 4 11 11 Storage 11 | . 14 11 11 9 Processor 2 | . 4 6 . . Energy Gun 14 | . 2 20 32 21 Ballistic Gun 11 | . 25 6 . 1 Peak Build Rating 21 | 6 7 19 18 21 Average Rating 12 | 4 6 15 17 16 On Entrance 9 | . 6 6 18 17 Naked Turns . | . . . . . Heaviest Build 18 | 11 13 18 18 16 Greatest Support 40 | 20 20 30 24 40 Greatest Overweight (x) 3 | 1 . 3 . 2 Average Overweight (x) . | . . . . . Largest Inventory Capacity 8 | 8 8 8 8 8 Average Capacity 7 | 7 8 8 8 8 Most Carried 8 | 6 8 8 8 8 Average Carried 6 | 4 7 6 7 6 Final Capacity 8 | 8 8 8 8 8 Final Carried 8 | 6 7 8 8 5 Class Distribution -------------------- 56% | Mutant 36% | Scavenger-Gunner 4% | Gunner Dominant Class ---------------- Mutant | -10/Materials Mutant | -9/Materials Scavenger-Gunner | -9/Mines Scavenger-Gunner | -8/Materials Resources | -11 -10 -9 -9 -8 ----------- Run | Yrd Mat Mat Min Mat Matter Collected 864 | 202 325 191 50 96 Remotely . | . . . . . Salvage Created 747 | . 252 289 28 178 Parts 47 | . 16 17 6 8 Haulers Intercepted . | . . . . . Recyclers Shooed 1 | . 1 . . . Parts Field Recycled . | . . . . . Retrieved Matter . | . . . . . Parts Self-Destructed . | . . . . . Prevented . | . . . . . Kills | -11 -10 -9 -9 -8 ------- Run | Yrd Mat Mat Min Mat Combat Hostiles Destroyed 22 | . 9 6 4 3 Guns 13 | . 5 5 1 2 AOE 9 | . 4 1 3 1 Classes Destroyed 7 | . 2 5 . . Worker 2 | . . 1 . 1 Watcher 1 | . . 1 . . Swarmer 7 | . 3 . 4 . Grunt 11 | . 6 3 . 2 Brawler 1 | . . 1 . . Duelist 2 | . . 1 . 1 Sentry 1 | . . 1 . . Best Kill Streak 6 | . 4 6 4 2 Combat Bots Only 5 | . 4 5 4 1 Max Kills in Single Turn 3 | . 2 1 3 1 Gunslinging . | . . . . . Exploded 3 | . 2 1 3 1 Melee . | . . . . . Uniques/NPCs Destroyed . | . . . . . Combat | -11 -10 -9 -9 -8 -------- Run | Yrd Mat Mat Min Mat Hostile Shots Fired 196 | . 70 47 5 74 Missed 54 | . 16 12 2 24 Damage Taken 2028 | . 614 482 38 894 Core 480 | . 128 75 8 269 Absorbed by Shields . | . . . . . Core Remaining (%) 75 | 100 48 . 79 . Volleys Fired 84 | . 35 21 2 26 Largest 3 | . 2 3 2 3 Hottest 136 | . 40 130 80 136 Shots Fired 144 | . 67 38 3 36 Gun 133 | . 64 32 2 35 Cannon . | . . . . . Launcher 11 | . 3 6 1 1 Special . | . . . . . Kinetic 86 | . 64 2 . 20 Thermal 47 | . . 30 2 15 Explosive 11 | . 3 6 1 1 Electromagnetic . | . . . . . Robot Hit Streak 14 | . 6 9 1 14 Robot Miss Streak 2 | . 2 2 1 1 Penetration Max . | . . . . . Secondary Targets 5 | . 2 2 . 1 Max Gunslinging Chain 1 | . 1 1 . 1 Shots Hit Robots 102 | . 46 25 1 30 Core Hits 45 | . 18 15 4 8 Critical Kills . | . . . . . Critical Parts Destroyed . | . . . . . Critical Strikes 3 | . . 1 . 2 Burn 3 | . . 1 . 2 Melee Attacks . | . . . . . Impact . | . . . . . Slashing . | . . . . . Piercing . | . . . . . Sneak Attacks . | . . . . . Combat Hostiles . | . . . . . Follow-up Attacks . | . . . . . Damage Inflicted 2064 | . 776 545 148 595 Guns 1267 | . 512 301 11 443 Cannons . | . . . . . Explosions 729 | . 264 244 137 84 Melee . | . . . . . Ramming 68 | . . . . 68 Kinetic 831 | . 512 29 . 290 Thermal 436 | . . 272 11 153 Explosive 729 | . 264 244 137 84 Electromagnetic . | . . . . . Impact . | . . . . . Slashing . | . . . . . Piercing . | . . . . . Highest Corruption 2 | . . . . 2 Average Corruption 2 | . . . . 2 Corruption Purged . | . . . . . Corruption Blocked . | . . . . . Overload Shots . | . . . . . Overflow Damage 2 | . . . . 2 Projectiles . | . . . . . Explosions 2 | . . . . 2 Melee . | . . . . . Knockbacks . | . . . . . Impact . | . . . . . Kinetic . | . . . . . Secondary . | . . . . . Self-Inflicted Damage 57 | . . . 10 47 Shots 2 | . . . 1 1 Rammed 4 | . . . . 4 Targets Rammed 4 | . . . . 4 Kicked . | . . . . . Crushed . | . . . . . Highest Temperature 313 | . 12 313 . 85 Average Temperature 73 | . 4 129 . 29 Received Heat Transfer 816 | . 288 186 . 342 Siege Activations . | . . . . . Robots Corrupted . | . . . . . Combat Hostiles . | . . . . . Parts Fried . | . . . . . Impact Corruptions . | . . . . . Robots Melted . | . . . . . Combat Hostiles . | . . . . . Parts Melted . | . . . . . Heat Transferred 1351 | . . 805 25 521 Parts Sabotaged . | . . . . . Parts Stolen . | . . . . . Parts Stripped . | . . . . . Power Chain Reactions . | . . . . . Alert | -11 -10 -9 -9 -8 ------- Run | Yrd Mat Mat Min Mat Peak Influence 253 | . 202 253 213 137 Initial 98 | . . 18 98 82 Average 104 | . 100 126 211 83 Maximum Alert Level 1 | . 1 1 1 . Low Security (%) 77 | 100 72 83 3 100 Level 1 22 | . 27 16 96 . Level 2 . | . . . . . Level 3 . | . . . . . Level 4 . | . . . . . Level 5 . | . . . . . High Security . | . . . . . Max Security . | . . . . . Squads Dispatched 3 | . 1 . . 2 Investigation 1 | . . . . 1 Extermination . | . . . . . Reinforcement 2 | . 1 . . 1 Assault . | . . . . . Garrison . | . . . . . Intercept . | . . . . . Searches Triggered . | . . . . . Construction Impeded 1 | . . . . 1 Haulers Reinforced . | . . . . . Active Scanning Responses . | . . . . . Cargo Convoy Interrupts . | . . . . . Stealth | -11 -10 -9 -9 -8 --------- Run | Yrd Mat Mat Min Mat Distress Signals 2 | . 1 . . 1 Communications Jammed . | . . . . . Distress Signals . | . . . . . Times Spotted 46 | . 15 12 4 15 Peak Tracking Total 12 | . 4 4 4 12 Tactical Retreats 3 | . . 1 . 2 Traps | -11 -10 -9 -9 -8 ------- Run | Yrd Mat Mat Min Mat Traps Triggered . | . . . . . Indirectly . | . . . . . Trap Hack Attempts . | . . . . . Triggered . | . . . . . Disarmed . | . . . . . Reprogrammed . | . . . . . Reused . | . . . . . Traps Extracted . | . . . . . Installed . | . . . . . Triggered . | . . . . . Machines | -11 -10 -9 -9 -8 ---------- Run | Yrd Mat Mat Min Mat Machines Disabled 3 | . 1 2 . . Max in Single Turn 1 | . 1 1 . . Machines Repaired . | . . . . . Machines Dismantled . | . . . . . Machines Sabotaged . | . . . . . Overloaded Fab Kills . | . . . . . Hacking | -11 -10 -9 -9 -8 --------- Run | Yrd Mat Mat Min Mat Machines Accessed 6 | . 3 2 . 1 Terminals 6 | . 3 2 . 1 Fabricators . | . . . . . Repair Stations . | . . . . . Recycling Units . | . . . . . Scanalyzers . | . . . . . Garrison Access . | . . . . . Total Hacks 22 | . 14 5 . 3 Successful 7 | . 5 2 . . Failed 15 | . 9 3 . 3 Catastrophic 2 | . 1 1 . . Database Lockouts . | . . . . . Manual . | . . . . . Terminals 22 | . 14 5 . 3 Fabricators . | . . . . . Repair Stations . | . . . . . Recycling Units . | . . . . . Scanalyzers . | . . . . . Garrison Access . | . . . . . Terminal Hacks 7 | . 5 2 . . Prototype ID Bank 1 | . 1 . . . Dispatch Records 1 | . 1 . . . Maintenance Status 1 | . 1 . . . Security Status 1 | . 1 . . . Recall Reinforcements 1 | . . 1 . . Zone Layout 2 | . 1 1 . . Fabricator Hacks . | . . . . . Repair Station Hacks . | . . . . . Recycling Unit Hacks . | . . . . . Scanalyzer . | . . . . . Garrison Access Hacks . | . . . . . Unauthorized Hacks . | . . . . . Terminals . | . . . . . Fabricators . | . . . . . Repair Stations . | . . . . . Recycling Units . | . . . . . Scanalyzers . | . . . . . Garrison Access . | . . . . . Data Cores Recovered . | . . . . . Used . | . . . . . Hacking Detections 5 | . 2 2 . 1 Full Trace Events 1 | . . . . 1 Feedback Events . | . . . . . Feedback Blocked . | . . . . . Robot Schematics Acquired . | . . . . . Robots Built . | . . . . . Authchips . | . . . . . Time . | . . . . . Total Robot Build Rating . | . . . . . Part Schematics Acquired . | . . . . . Parts Built . | . . . . . Authchips . | . . . . . Time . | . . . . . Total Part Build Rating . | . . . . . Parts Repaired . | . . . . . Time . | . . . . . Parts Recycled . | . . . . . Recycled Matter . | . . . . . Retrieved Matter . | . . . . . Retrieved Components . | . . . . . Parts Scanalyzed . | . . . . . Part Schematics Acquired . | . . . . . Parts Damaged . | . . . . . Bothacking | -11 -10 -9 -9 -8 ------------ Run | Yrd Mat Mat Min Mat Used RIF Installer . | . . . . . Robots Hacked . | . . . . . Non-combat . | . . . . . Combat . | . . . . . Robot Hacks Applied . | . . . . . Relay Couplers Released . | . . . . . Fabnet Peak Effective % . | . . . . . Robots Rewired . | . . . . . Allies Hacked . | . . . . . Hacks Repelled . | . . . . . Allies | -11 -10 -9 -9 -8 -------- Run | Yrd Mat Mat Min Mat Total Allies . | . . . . . Largest Group . | . . . . . Highest-Rated Group . | . . . . . Highest-Rated Ally . | . . . . . Total Orders . | . . . . . Ally Attacks . | . . . . . Total Damage . | . . . . . Kills . | . . . . . Allies Corrupted . | . . . . . Allies Melted . | . . . . . Intel | -11 -10 -9 -9 -8 ------- Run | Yrd Mat Mat Min Mat Robot Analysis Total . | . . . . . Derelict Logs Recovered . | . . . . . Drone Launches . | . . . . . Drone Recoveries . | . . . . . Exploration | -11 -10 -9 -9 -8 ------------- Run | Yrd Mat Mat Min Mat Turns Passed 1301 | 72 484 197 131 417 Spaces Moved 843 | 47 288 176 139 193 Core 72 | 2 . 4 . 66 Treads . | . . . . . Legs 337 | 45 288 4 . . Wheels 4 | . . . . 4 Hover 430 | . . 168 139 123 Flight . | . . . . . Fastest Speed 48 | 50 120 52 52 48 Average Speed 81 | 122 120 57 52 59 Slowest Speed 200 | 190 120 200 52 150 Overloaded Moves . | . . . . . Propulsion Burnouts . | . . . . . Robots Hopped . | . . . . . Cave-ins Triggered . | . . . . . Exploration Rate (%) 24 | 4 38 19 39 23 Regions Visited 4 Branch Regions 1 Pre-discovered Areas . | . . . . . Known Exits Taken . | . . . . . Unknown Exits Taken 4 | 1 1 1 1 . Scrap Searched 1 | . . . 1 . Spaces Dug . | . . . . . Terrain Destroyed 54 | . 5 29 10 10 Melee . | . . . . . Projectile . | . . . . . AOE 54 | . 5 29 10 10 Terrain Rammed . | . . . . . Walls Destroyed . | . . . . . Machines Disabled . | . . . . . Actions | -11 -10 -9 -9 -8 --------- Run | Yrd Mat Mat Min Mat Total 1315 | 58 362 234 193 468 Wait 308 | . 21 5 47 235 Move 839 | 46 287 175 138 193 Hop . | . . . . . Pick Up 24 | 6 6 11 1 . Fast Attach 17 | 6 2 4 1 4 Attach 14 | . 2 8 . 4 Detach 3 | . . 2 . 1 Swap 12 | . 5 4 2 1 Drop 10 | . 4 4 2 . Fire 84 | . 35 21 2 26 Melee . | . . . . . Ram 4 | . . . . 4 Kick . | . . . . . Crush . | . . . . . Escape Stasis . | . . . . . Rewire . | . . . . . Trap . | . . . . . Miscellaneous . | . . . . . Route ------- -11/Scrapyard -10/Materials -9/Materials (discovered 2 exits: [*Min x2]) -9/Mines -8/Materials History --------- Turn | Location | Event 6 | -11/Scrapyard | Discovered new exit (range 15) 73 | -11/Scrapyard | Entered Materials 313 | -10/Materials | Discovered new exit (range 16) 318 | -10/Materials | Build established: Mutant 485 | -10/Materials | Core integrity fell below 50% 557 | -10/Materials | Entered another Materials area 557 | -9/Materials | Evolved 2 slots: Propulsion x1, Weapon x1 683 | -9/Materials | Lost 5 parts (2p1n2w) 738 | -9/Materials | Discovered new exit (range 9) 746 | -9/Materials | Discovered new exit (range 4) 754 | -9/Materials | Entered Mines 791 | -9/Mines | Assembled infested the area 796 | -9/Mines | Assisted by a Guerilla fighting off Assembled 876 | -9/Mines | Discovered new exit (range 9) 885 | -9/Mines | Entered Materials 885 | -8/Materials | Evolved 2 slots: Propulsion x1, Utility x1 1027 | -8/Materials | Build established: Scavenger-Gunner 1254 | -8/Materials | Lost 8 parts (1p3n1u3w) 1302 | -8/Materials | Self-destructed Last Messages --------------- 01251_ Acquired Prototype Ballistic Gun. 01251_ Identified Enh. Autogun. 01254_ W-25 Informer sends out distress signal. 01254_ Acquired Hacking Suite. 01258_ Slammed into G-47 Trooper. 01268_ Atomic Centrifuge disabled. 01270_ Destroyed Lgt. Nuclear Core. 01271_ Slug penetrates A-02 Transporter. 01272_ K-01 Serf collects debris. 01274_ Penetrated by Slug. 01274_ Lgt. Ion Engine destroyed. 01275_ Hacking Suite destroyed. 01276_ K-01 Serf collects debris. 01281_ G-47 Trooper destroyed. 01283_ Acquired 59 matter. 01285_ Slug penetrates Wall. 01296_ Acquired Arm. Wheel. 01298_ Slug penetrates Door. 01301_ Penetrated by Slug. 01301_ Scanalyzer disabled. Map ----- +----------------------------------------------------+ | # # #?# #?##########???????????????????? | | # # #?#/#??????????????????????????????? | | # ###########? ??????????????????????????????? | | # # #?[[]??????????????????????????????? | | # # ##[] #?????????????????????????????? | | /% + ##[] #?????????????????????????????? | | # # """ ## #?????????????????????????????? | | # # !! """ # ! #?????????????????????????????? | | # # !! """ ## #?????????????????????????????? | | # # ! ####/#?????????????????????????????? | | # # / +?????????????????????????????? | | # #####+##### #?????????????????????????????? | | # ##### ##### #?????????????????????????????? | | # ????????????????????????? | | # #####+########???????????????????????????????? | | #??# #??????????????????????????????????? | | ##+##??# #??????????????????????????????????? | | ???????#"" ! #????#########?#???????????????????? | | ???????#""" #????# #???????????????????? | | ???????#""" #????# """ """ #???????????????????? | | ???????# #????# """ """ #???#???????????????? | | ???????######+#????# """ """ #? #???????????????? | | ????????????# #????# a # #???????????????? | | ????????????# #????# ""u/ ?????????????????? | | ????????????# ###### gS"" #???????????????????? | | ????????????+ h ; @" #???????????????????? | | ????????????# ################???????????????????? | | ????????????# #??????????????????????????????????? | | ????????????# #??????????????????????????????????? | | ????????????# #??????????????????????????????????? | | ????????????# #??????????????????????????????????? | | ???????????? ??????????????????????????????????? | | ???????????? ??????????????????????????????????? | | ???????????? ??????????????????????????????????? | | ???????????? ??????????????????????????????????? | | ???????????? ??????????????????????????????????? | | ???????????? ??????????????????????????????????? | | ???????????? ??????????????????????????????????? | | ???????????? ??????????????????????????????????? | | ???????????? ??????????????????????????????????? | | ?????????????????????????????????????????????????? | | ?????????????????????????????????????????????????? | | ?????????????????????????????????????????????????? | | ?????????????????????????????????????????????????? | | ?????????????????????????????????????????????????? | | ?????????????????????????????????????????????????? | | ?????????????????????????????????????????????????? | | ?????????????????????????????????????????????????? | | ?????????????????????????????????????????????????? | | ?????????????????????????????????????????????????? | +----------------------------------------------------+ Best States ------------- Heat Dissipation 41 Energy Generation 14 Energy Capacity 265 Matter Stores 300 Matter Capacity 300 Sight Range 16 Terrain Scan Density 10 Additional Mass Support 9 Evasion (%) 55 Targeting Accuracy 5 Offensive Hacking 10 Item Schematics ----------------- None Robot Schematics ------------------ None Fabricated ------------ Nothing Alien Tech Used ----------------- None Achievements -------------- None Challenges ------------ None Game ------ Seed HypervelocityStormBlaster Manual? 0 Play Time 00:32:26 Cumulative 15.2 hours Start 2025.03.27 @ 23:04:29 End 2025.03.27 @ 23:52:40 Sessions 1 Manual Loads 0 Difficulty Rogue Special Mode None Game No. 17 Rogue 17 Adventurer 0 Explorer 0 Win Type - Total 0 Types 0/0/0/0/0/0/0/0/0 Lore% 9 Gallery% 17 Achievement% 14 Wizard Run 0 Options --------- Layout 0 ASCII 0 Keyboard 1 Movement Vi Keybinds 0 Fullscreen 2 Font 24/Terminus Map View 76x50 Zoom Use 0% Tactical HUD 1 Map Filters NONE Filters NONE Steam 1 RUN: 70f05699-7605-46f7-9c87-80634fbc1968